 Dungeon Crawl Stone Soup version 0.25-a0-425-g0e000e855e (webtiles) character file.

Game seed: 14808301022280643200, levelgen mode: deterministic

126 ReteAZ the Distorting Demonspawn (level 4, -4/35 HPs)
             Began as a Demonspawn Abyssal Knight on Jan 24, 2020.
             Was a Believer of Lugonu.
             Killed from afar by a gnoll (6 damage)
             ... with a burst of metal fragments
             ... on level 3 of the Dungeon.
             The game lasted 00:03:17 (2648 turns).

ReteAZ the Distorting Demonspawn (DsAK)             Turns: 2648, Time: 00:03:18

Health: -4/35      AC:  3    Str: 11 (13) XL:     4   Next: 83%
Magic:  7/7        EV: 11    Int: 12 (14) God:    Lugonu [**....]
Gold:   135        SH:  0    Dex: 12      Spells: 3/3 levels left

rFire    . . .     SeeInvis .   a - +1 mace
rCold    . . .     Gourm    .   (no shield)
rNeg     . . .     Faith    .   b - +0 leather armour
rPois    .         Spirit   .   (no helmet)
rElec    .         Reflect  .   (no cloak)
rCorr    .         Harm     .   (no gloves)
MR       .....                  (no boots)
Stlth    +.........             (no amulet)
HPRegen  0.11/turn              (no ring)
MPRegen  0.10/turn              (no ring)

@: no status effects
A: powered by death 1
a: Depart the Abyss, Bend Space, Renounce Religion


You were on level 3 of the Dungeon.
You worshipped Lugonu.
Lugonu was pleased with you.
You were not hungry.

You visited 1 branch of the dungeon, and saw 3 of its levels.
You visited the Abyss 1 time.

You collected 135 gold pieces.

Inventory:

Hand Weapons
 a - a +1 mace (weapon)
Armour
 b - a +0 leather armour (worn)
 d - a +0 plate armour
Scrolls
 e - a scroll of fear {unknown}
 f - a scroll of enchant armour {unknown}
 i - a scroll of identify {unknown}
 j - a scroll of teleportation {unknown}
Comestibles
 c - 7 rations
 g - 2 chunks of flesh


   Skills:
 - Level 3.0 Fighting
 * Level 3.9 Maces & Flails
 - Level 1.7 Armour
 - Level 0.8 Dodging
 + Level 4.2 Invocations


You had 3 spell levels left.
You didn't know any spells.
Your spell library was empty.

Dungeon Overview and Level Annotations

Branches:
Dungeon (3/15)

Altars:
Ashenzari


Innate Abilities, Weirdness & Mutations

You regenerate a little health from kills.


Message History

You struggle against the net.
The gnoll hits you from afar with a +0 spear.
You tear a large gash into the net.
The gnoll hits you from afar with a +0 halberd!
The gnoll barely misses you.
You rip the net and break free!
The gnoll barely misses you.
The gnoll hits you from afar with a +0 halberd!
The gnoll hits you but does no damage.
You aren't carrying any potions.
You barely miss the gnoll. The gnoll closely misses you.
You hit the gnoll but do no damage. The gnoll barely misses you.
The gnoll closely misses you.
The gnoll zaps a wand.
The burst of metal fragments hits you.
The burst of metal fragments misses you. x2
The burst of metal fragments hits you. x2
* * * LOW HITPOINT WARNING * * *
The burst of metal fragments hits you.
* * * LOW HITPOINT WARNING * * *
The burst of metal fragments hits you.
You die...

#.####..# #.#.# #..# #######
#.#.#####.. #......
#.#.##..... #......
######.#.##..... #......
#...##.#.##..... #......
#...##.#.##.#+#.
#......#####...##.#.##.#<..
'.....ggg.@'...รท....##.#...
#......#####...####.## #...
#...... ##### #.# #...
#...... #.# #... #...... #.#
#... #...... #.# #.##
####### #.# #.. '# ##


You could see 3 gnolls.

Vanquished Creatures
  A hound (D:3)
  3 adders (D:2)
  2 oozes (D:1)
  A worm (D:2)
  A dart slug (D:1)
  3 leopard geckos (D:2)
  4 giant cockroaches
  5 goblins
  7 hobgoblins
  4 jackals (D:3)
  10 kobolds
  2 quokkas (D:2)
  4 bats
  5 rats
52 creatures vanquished.

Notes
Turn   | Place    | Note
-------+----------+-------------------------------------------
     0 | Abyss:1  | ReteAZ the Demonspawn Abyssal Knight began the quest for
                  | the Orb.
     0 | Abyss:1  | Reached XP level 1. HP: 18/18 MP: 2/2
    82 | Abyss:1  | Found a burning altar of Makhleb.
   105 | Abyss:1  | Noticed a wretched star
   119 | D:1      | Escaped the Abyss
   293 | D:1      | Gained mutation: You regenerate a little health from kills.
                  | [demonic ancestry]
   293 | D:1      | Reached XP level 2. HP: 18/19 MP: 4/4
   374 | D:1      | Reached skill level 3 in Invocations
   608 | D:1      | Reached * piety under Lugonu
   797 | D:1      | Reached XP level 3. HP: 23/23 MP: 5/5
  1159 | D:2      | Found a shattered altar of Ashenzari.
  1916 | D:2      | Reached XP level 4. HP: 28/35 MP: 6/6
  2422 | D:3      | Reached ** piety under Lugonu
  2432 | D:3      | Reached skill level 4 in Invocations
  2648 | D:3      | Killed from afar by a gnoll

Levels and vault maps discovered:
D:1:      sevenhm_arrival_forest_fort_small_4, layout_basic,
          minmay_misc_feat_cross, chequers_big_river, minmay_misc_feat_encased,
          minmay_crystal_water, minmay_pentomino_s2
D:2:      lemuel_upstairs_altar, layout_basic, ashenzari_altar_1, first_ration
D:3:      layout_basic, zin_treasury

Skill      XL: |  1  2  3  4 |
---------------+-------------+-----
Maces & Flails | 2 3 |  3.9
Invocations    | 3 4 |  4.2
Fighting       | |  3.0
Armour         | |  1.7
Dodging        | |  0.8

Action                   |  1- 3 |  4- 6 || total
-------------------------+-------+-------++-------
Melee: Mace              |   114 |    66 ||   180
Invok: Depart the Abyss  |     1 |       ||     1
  Use: Potion            |     4 |       ||     4
 Stab: Sleeping          |     1 |       ||     1
  Eat: Chunk             |     3 |     3 ||     6
Armor: Leather armour    |    34 |    22 ||    56
       Plate armour      |     7 |       ||     7
Dodge: Dodged            |    78 |    71 ||   149

Table legend:
 A = Non-vault XP
 B = Vault XP
 C = Vault XP percentage of total XP
 D = Non-vault monster count
 E = Vault monster count
 F = Vault count percentage of total count
                 A         B        C        D         E       F
            +---------+---------+-------+---------+---------+-------
      Total |     178 |       2 |   1.1 |      50 |       2 |   3.8
            +---------+---------+-------+---------+---------+-------
        D:1 |      41 |       2 |   4.7 |      18 |       2 |  10.0
        D:2 |      81 |       0 |   0.0 |      24 |       0 |   0.0
        D:3 |      56 |       0 |   0.0 |       8 |       0 |   0.0
            +---------+---------+-------+---------+---------+-------
